 Dungeon Crawl Stone Soup version 0.22-a0-580-gd5db89c (webtiles) character file.

47 iamserjio the Ducker (level 3, -1/26 HPs)
             Began as a Halfling Monk on July 3, 2018.
             Slain by a kobold
             ... wielding a +0 short sword of electrocution
              (16 damage)
             ... on level 2 of the Dungeon.
             The game lasted 00:04:41 (427 turns).

iamserjio the Ducker (Halfling Monk)                 Turns: 427, Time: 00:04:41

Health: -1/26      AC:  6    Str: 12    XL:     3   Next: 97%
Magic:  3/3        EV: 15    Int:  9    God:
Gold:   68         SH:  0    Dex: 16    Spells: 2/2 levels left

rFire    . . .     SeeInvis .   a - +0 falchion
rCold    . . .     Gourm    .   (shield restricted)
rNeg     . . .     Faith    .   n - +0 ring mail (curse)
rPois    .         Spirit   .   (no helmet)
rElec    .         Reflect  .   (no cloak)
rCorr    .         Harm     .   d - +0 pair of gloves
MR       .....                  (no boots)
Stlth    ++........             (no amulet)
HPRegen  0.08/turn              (no ring)
MPRegen  0.08/turn              (no ring)

@: no status effects
A: small, mutation resistance 1
a: no special abilities


You were on level 2 of the Dungeon.
You were not hungry.

You visited 1 branch of the dungeon, and saw 2 of its levels.

You collected 68 gold pieces.

Inventory:

Hand Weapons
 a - a +0 falchion (weapon)
 e - a +0 hunting sling
Missiles
 g - 12 poisoned needles
Armour
 b - a +0 robe
 d - a +0 pair of gloves (worn)
 n - a cursed +0 ring mail (worn)
Jewellery
 k - a +3 amulet of reflection {unknown}
Wands
 i - a wand of acid (7)
Scrolls
 h - a scroll of amnesia {unknown}
 m - a scroll of identify {unknown}
 o - 2 scrolls of enchant weapon {unknown}
Potions
 f - a potion of degeneration {unknown}
 j - a potion of brilliance {unknown}
Comestibles
 c - 2 rations
 l - 3 chunks of flesh


   Skills:
 + Level 3.0 Fighting
 * Level 3.5 Long Blades
 + Level 0.0 Armour
 * Level 3.9 Dodging
 + Level 2.7 Stealth


You had 2 spell levels left.
You didn't know any spells.
Your spell library was empty.

Dungeon Overview and Level Annotations

Branches:
Dungeon (2/15)

Altars:
Ru


Innate Abilities, Weirdness & Mutations

You are small and have problems with some larger weapons.
You are somewhat resistant to further mutation.


Message History

Your Fighting skill increases to level 3!
Unknown command.
You see here an adder corpse.
Found a stone staircase leading down.
A goblin comes into view.
A kobold comes into view.
It is wielding a short sword of electrocution.
The kobold shouts!
The kobold throws a stone.
The stone misses you.
Found a leather armour.
You see here a stone.
The kobold misses you.
You hit the kobold.
The kobold is severely wounded.
The kobold hits you but does no damage.
You barely miss the kobold.
The kobold is severely wounded.
The kobold hits you with a short sword of electrocution.
You are electrocuted!
Ouch! That really hurt!
You die...

............
.......#...##.#
.[.....#..# .. ...
..[#..# #. #.. #...# ##.
..######.#)###..
...............#
###.###...........# ###
#.@K# #.####.####.#
...>.#(#####.##.....##.#
..............#.......#.#
.......#####..#.......#.#
....... #......_.....#
......# #..#†......#.#
...... #..#.......#.#
###### #..##.....## #
#..####.###


You could see a kobold.

Vanquished Creatures
  3 adders (D:2)
  An ooze (D:1)
  2 leopard geckos
  A goblin (D:2)
  2 hobgoblins (D:1)
  A kobold (D:1)
  A quokka (D:2)
  2 bats (D:1)
  3 frilled lizards
  A rat (D:1)
17 creatures vanquished.

Notes
Turn   | Place    | Note
-------+----------+-------------------------------------------
     0 | D:1      | iamserjio the Halfling Monk began the quest for the Orb.
     0 | D:1      | Reached XP level 1. HP: 15/15 MP: 1/1
    69 | D:1      | Reached XP level 2. HP: 15/20 MP: 2/2
   240 | D:2      | Reached XP level 3. HP: 17/25 MP: 3/3
   379 | D:2      | Found a sacrificial altar of Ru.
   427 | D:2      | Slain by a kobold

Vault maps used:
D:1:      roderic_crop_circles_arrival_small
D:2:      old_standard_altar, first_ration

Skill      XL: |  1  2  3 |
---------------+----------+-----
Fighting       | 3 |  3.0
Long Blades    | |  3.5
Dodging        | |  3.9
Stealth        | |  2.7

Action                   || total
-------------------------++-------
Melee: Falchion          ||    50
 Stab: Sleeping          ||     4
Armor: Robe              ||     3
       Ring mail         ||     3
Dodge: Dodged            ||    44
       Rpst.: Falchion   ||    12

Table legend:
 A = Spawn XP
 B = Non-spawn XP
 C = Spawn XP percentage of total XP
 D = Spawn monster count
 E = Non-spawn monster count
 F = Spawn count percentage of total count
 G = Total turns spent on level
                    A         B        C        D         E        F      G
               +---------+---------+-------+---------+---------+-------+---------
         Total |       0 |      68 |   0.0 |       0 |      17 |   0.0 |   427
               +---------+---------+-------+---------+---------+-------+---------
           D:1 |       0 |      20 |   0.0 |       0 |       9 |   0.0 |   194
           D:2 |       0 |      48 |   0.0 |       0 |       8 |   0.0 |   233
               +---------+---------+-------+---------+---------+-------+---------
